 Dungeon Crawl Stone Soup version 0.31-a0-200-gbc41564c69 (webtiles) character file.

Game seed: 14737326862465458900

214 qw the Skirmisher (level 5, -4/30 HPs)
             Began as a Deep Elf Hunter on June 25, 2023.
             Slain by a gnoll bouda
             ... wielding a +0 club
              (6 damage)
             ... on level 4 of the Dungeon.
             The game lasted 00:00:55 (2812 turns).

qw the Skirmisher (Deep Elf Hunter)                 Turns: 2812, Time: 00:00:56

Health: -4/30      AC:  5    Str: 14    XL:     5   Next: 59%
Magic:  7/7        EV: 11    Int: 13    God:
Gold:   95         SH:  0    Dex: 17    Spells: 4/4 levels left

rFire   . . .        Y - +1 shortbow
rCold   . . .        (shield currently unavailable)
rNeg    . . .        d - +0 ring mail
rPois   .            (helmet restricted)
rElec   .            (no cloak)
rCorr   .            (no gloves)
SInv    .            (no boots)
Will    .....        (no amulet)
Stlth   +            (no ring)
HPRegen 0.25/turn    (no ring)
MPRegen 0.10/turn

%: no passive effects
@: weakened
A: antennae 1, strong 1, wild magic 1
a: no special abilities


You were on level 4 of the Dungeon.
You visited 1 branch of the dungeon, and saw 5 of its levels.

You collected 194 gold pieces.
You spent 99 gold pieces at shops.


Innate Abilities, Weirdness & Mutations

You have a pair of small antennae on your head.
Your muscles are strong. (Str +4, Int/Dex -1)
Your spells are a little harder to cast, but a little more powerful.


   Skills:
 - Level 2.0 Fighting
 - Level 9.0 Ranged Weapons
 + Level 2.4 Dodging
 - Level 1.2 Stealth


You had 4 spell levels left.
You didn't know any spells.
Your spell library was empty.

Inventory:

Hand Weapons
 Y - a +1 shortbow (weapon)
Armour
 d - a +0 ring mail (worn)
Wands
 a - a wand of digging (6)
Potions
 e - a potion of mutation
 f - a potion of enlightenment {unknown}
 j - 3 potions of curing

Dungeon Overview and Level Annotations

Branches:
Dungeon (5/15)
 Temple: D:4-7

Altars:
Elyvilon

Shops:
D:2 !


Message History

A hobgoblin comes into view.
The gnoll bouda closely misses you.
The gnoll hits you from afar with a +0 spear.
You shoot an arrow. The arrow hits the gnoll bouda.
The gnoll bouda is moderately wounded.
The gnoll bouda hits you with a +0 club!
The gnoll hits you from afar with a +0 spear.
You shoot an arrow.
The arrow barely misses the gnoll bouda.
The arrow hits the gnoll.
The gnoll is lightly wounded.
The gnoll bouda gazes fiercely through you!
You feel your attacks grow feeble.
The gnoll bouda hits you with a +0 club.
The gnoll misses you.
You shoot an arrow. The arrow hits the gnoll bouda.
The gnoll bouda is moderately wounded.
The gnoll bouda hits you with a +0 club.
The gnoll completely misses you.
You shoot an arrow. The arrow hits the gnoll bouda.
The gnoll bouda is heavily wounded.
The gnoll bouda hits you but does no damage.
The gnoll hits you from afar with a +0 spear.
You shoot an arrow.
The arrow hits the gnoll bouda but does no damage.
The gnoll bouda is heavily wounded.
The gnoll is no longer moving quickly.
The gnoll bouda barely misses you.
The gnoll hits you from afar with a +0 spear.
You shoot an arrow. The arrow hits the gnoll bouda.
The gnoll bouda is almost dead.
The gnoll bouda hits you but does no damage.
The gnoll hits you from afar with a +0 spear.
You shoot an arrow.
The arrow barely misses the gnoll bouda.
The arrow hits the gnoll but does no damage.
The gnoll is lightly wounded.
The gnoll bouda gazes fiercely through you!
You feel as though you will be weak longer.
The gnoll bouda hits you with a +0 club.
You die...

..
....######..........
## .........#######
#####.........<
#..########
#..########
#.........# ####
##.#######.# ...#
#.gg..# ##.# #..##@#
#...#g# #.#.#g# #.
..g# ## ...# ...#
.... .....


You could see a gnoll bouda and 4 gnolls.

Vanquished Creatures
  A gnoll bouda (D:5)
  An orc wizard (D:3)
  4 gnolls
  2 adders
  An ufetubus (D:4)
  A dart slug (D:1)
  A worm (D:2)
  5 orcs
  10 ball pythons
  5 bats
  8 endoplasms
  7 giant cockroaches
  6 goblins
  3 hobgoblins
  4 jackals (D:2)
  3 kobolds
  12 quokkas
  6 frilled lizards
  4 rats (D:2)
84 creatures vanquished.

Notes
Turn   | Place    | Note
-------+----------+-------------------------------------------
     0 | D:1      | qw the Deep Elf Hunter began the quest for the Orb.
     0 | D:1      | Reached XP level 1. HP: 12/12 MP: 3/3
     0 | D:1      | 0 ||| qw: Version: 0.3-a-22-g0ed2b0b
     0 | D:1      | 0 ||| qw: Game counter: 5629
     0 | D:1      | 0 ||| qw: Melee chars always use a shield: true
     0 | D:1      | 0 ||| qw: God list: Okawaru
     0 | D:1      | 0 ||| qw: Allow faded altars: false
     0 | D:1      | 0 ||| qw: Do Orc after clearing Dungeon:15 true
     0 | D:1      | 0 ||| qw: Do second Lair branch before Depths: true
     0 | D:1      | 0 ||| qw: Lair rune preference: random
     0 | D:1      | 0 ||| qw: Goals: Normal
     0 | D:1      | 0 ||| PLANNING D:1-11
   133 | D:1      | Reached XP level 2. HP: 16/16 MP: 4/4
   154 | D:1      | Reached skill level 6 in Ranged Weapons
   595 | D:1      | 595 ||| UPGRADING to +0 ring mail.
   605 | D:1      | 605 ||| DROPPING +0 leather armour.
   606 | D:1      | 606 ||| DROPPING scroll of butterflies.
   655 | D:2      | Found a white marble altar of Elyvilon.
   669 | D:2      | Reached XP level 3. HP: 18/20 MP: 5/5
   701 | D:2      | 701 ||| Stepping ~*~*~tactically~*~*~ (outnumbered).
   708 | D:2      | 708 ||| Stepping ~*~*~tactically~*~*~ (outnumbered).
   714 | D:2      | Reached skill level 7 in Ranged Weapons
   901 | D:2      | Reached XP level 4. HP: 25/25 MP: 6/6
  1158 | D:2      | Found Xolovuil's Distillery.
  1162 | D:2      | 1162 ||| BUYING potion of curing (33 gold).
  1162 | D:2      | Bought a potion of curing for 33 gold pieces
  1162 | D:2      | 1162 ||| BUYING potion of curing (33 gold).
  1162 | D:2      | Bought a potion of curing for 33 gold pieces
  1162 | D:2      | 1162 ||| BUYING potion of curing (33 gold).
  1162 | D:2      | Bought a potion of curing for 33 gold pieces
  1162 | D:2      | 1162 ||| SHOPLISTING potion of heal wounds (55 gold, have
                  | 7).
  1162 | D:2      | 1162 ||| SHOPLISTING potion of might (44 gold, have 7).
  1250 | D:2      | 1250 ||| DROPPING ring of magical power.
  1251 | D:2      | 1251 ||| READING scroll labelled UJEDAE VOSMUTE.
  1252 | D:2      | 1252 ||| READING scroll labelled KAPLE SEFUJ XUNNE.
  1253 | D:2      | 1253 ||| READING scroll labelled KETHOI NETROAH.
  1254 | D:2      | 1254 ||| READING scroll labelled ZEKLAI ZIAHEDE.
  1255 | D:2      | 1255 ||| DRINKING 2 murky ruby potions.
  1255 | D:2      | Gained mutation: Your spells are a little harder to cast,
                  | but a little more powerful. [potion of mutation]
  1255 | D:2      | Gained mutation: You have a pair of small antennae on your
                  | head. [potion of mutation]
  1255 | D:2      | Gained mutation: Your muscles are strong. (Str +4, Int/Dex
                  | -1) [potion of mutation]
  1257 | D:2      | 1257 ||| Stepping ~*~*~tactically~*~*~ (cloud).
  1265 | D:2      | HP: 6/25 [poisoned by you (poison gas)]
  1368 | D:3      | 1368 ||| PLANNING SEWER
  1442 | D:3      | You fall into a shaft and drop 2 floors!
  1442 | D:5      | Entered Level 5 of the Dungeon
  1519 | D:5      | Reached skill level 8 in Ranged Weapons
  1525 | D:5      | HP: 6/25 [gnoll/+0 club[a gnoll bouda] (2)]
  1527 | D:5      | HP: 1/25 [gnoll/+0 club[a gnoll bouda] (5)]
  1530 | D:5      | Reached XP level 5. HP: 1/29 MP: 7/7
  1727 | D:5      | Found a white marble altar of Elyvilon.
  1744 | D:5      | 1744 ||| READING scroll labelled MITOEBRIESH.
  1764 | D:4      | 1764 ||| READING scroll labelled QEGRENTYEJ.
  2017 | D:3      | 2017 ||| RIP SEWER
  2049 | D:3      | 2049 ||| PLANNING D:1-11
  2235 | D:3      | Reached skill level 9 in Ranged Weapons
  2629 | D:3      | 2629 ||| DROPPING +3 sling.
  2800 | D:4      | 2800 ||| Stepping ~*~*~tactically~*~*~ (outnumbered).
  2804 | D:4      | 2804 ||| Stepping ~*~*~tactically~*~*~ (outnumbered).
  2809 | D:4      | HP: 5/30 [gnoll/+0 spear[a gnoll bouda] (4)]
  2811 | D:4      | HP: 2/30 [gnoll/+0 spear[a gnoll bouda] (3)]
  2812 | D:4      | Slain by a gnoll bouda

Levels and vault maps discovered:
D:1:      grunt_arrival_lava_bath, layout_loops_ring
D:2:      layout_rooms, serial_shops, nicolae_shop_back_alley_shop, basic_altar,
          minmay_diced_spiral
D:3:      layout_basic, portal_sewer_entry_f
D:4:      layout_loops_ring, mainiacjoe_overflow_swirl,
          minmay_temple_entry_poolview, st_stairs_1
D:5:      layout_basic, mainiacjoe_overflow_concentric_impassable

Skill      XL: |  1  2  3  4  5 |
---------------+----------------+-----
Ranged Weapons | 6 7 8 9 |  9.0
Fighting       | 2 |  2.0
Dodging        | |  2.4
Stealth        | |  1.2

Action                     |  1- 3 |  4- 6 || total
---------------------------+-------+-------++-------
   Fire: Shortbow          |    83 |   125 ||   208
    Use: Scroll            |       |     6 ||     6
         Potion            |       |     1 ||     1
 Armour: Ring mail         |    15 |    16 ||    31
         Leather armour    |     3 |       ||     3
  Dodge: Dodged            |    26 |    32 ||    58

Table legend:
 A = Non-vault XP
 B = Vault XP
 C = Vault XP percentage of total XP
 D = Non-vault monster count
 E = Vault monster count
 F = Vault count percentage of total count
                 A         B        C        D         E       F
            +---------+---------+-------+---------+---------+-------
      Total |     268 |      38 |  12.4 |      72 |      12 |  14.3
            +---------+---------+-------+---------+---------+-------
        D:1 |      34 |       0 |   0.0 |      18 |       0 |   0.0
        D:2 |      58 |      26 |  31.0 |      28 |       6 |  17.6
        D:3 |      68 |      10 |  12.8 |      17 |       5 |  22.7
        D:4 |      25 |       2 |   7.4 |       4 |       1 |  20.0
        D:5 |      83 |       0 |   0.0 |       5 |       0 |   0.0
            +---------+---------+-------+---------+---------+-------
